 Dungeon Crawl Stone Soup version 0.31-a0-1611-g890cdf5628 (webtiles) character file.

Game seed: 654557982910946675

125 Lobster4 the Gusty (level 5, 0/28 HPs)
             Began as a Tengu Air Elementalist on Jan 8, 2024.
             Killed from afar by Natasha (6 damage)
             ... with a magic dart
             ... on level 3 of the Dungeon.
             The game lasted 00:05:35 (2661 turns).

Lobster4 the Gusty (Tengu Air Elementalist)         Turns: 2661, Time: 00:05:36

Health: 0/28       AC:  2    Str:  9    XL:     5   Next: 9%
Magic:  3/9        EV: 12    Int: 17    God:
Gold:   78         SH:  0    Dex: 14    Spells: 2/8 levels left

rFire   . . .        i - +0 dagger
rCold   . . .        (no shield)
rNeg    . . .        a - +0 robe
rPois   .            (helmet restricted)
rElec   .            (no cloak)
rCorr   .            (no gloves)
SInv    .            (boots unavailable)
Will    .....        (no amulet)
Stlth   ++           (no ring)
HPRegen 0.24/turn    (no ring)
MPRegen 0.11/turn

%: acrobat
@: no status effects
A: beak, talons 3, acrobatic
a: no special abilities


You were on level 3 of the Dungeon.
You visited 1 branch of the dungeon, and saw 3 of its levels.

You collected 78 gold pieces.

Inventory:

Hand Weapons
 e - a +0 club
 f - a +0 sling
 i - a +0 dagger (weapon)
Armour
 a - a +0 robe (worn)
 d - a +0 ring mail
Scrolls
 c - 3 scrolls of fear {unknown}
 g - a scroll of poison {unknown}
 k - a scroll of vulnerability {unknown}
 o - a scroll of identify {unknown}
Potions
 b - a potion of magic
 h - a potion of haste {unknown}
 j - a potion of resistance {unknown}
 l - 3 potions of enlightenment {unknown}
 m - a potion of invisibility {unknown}
 n - a potion of lignification {unknown}


   Skills:
 - Level 2.1 Dodging
 - Level 2.0 Stealth
 - Level 2.0 Spellcasting
 - Level 1.3 Conjurations
 + Level 7.4 Air Magic


You had 2 spell levels left.
You knew the following spells:

 Your Spells              Type           Power      Damage    Failure   Level
a - Shock                 Conj/Air       64%        1d7       3%          1
b - Static Discharge      Conj/Air       32%        3-5/arc   4%          2
s - Swiftness             Air            27%        N/A       2%          3

Your spell library contained the following spells:

 Spells                   Type           Power      Damage    Failure   Level
 Freeze                   Ice            4%         1d3       19%         1
 Airstrike                Air            13%        2d(2-18)  9%          4
 Hailstorm                Conj/Ice       4%         3d5       41%         3
 Frozen Ramparts          Ice            2%         1d1       50%         3


Dungeon Overview and Level Annotations

Branches:
Dungeon (3/15)

Altars:

Shops:
D:1 (:

Annotations:
D:2 1 runed translucent door, Crazy Yiuf
D:3 Natasha


Innate Abilities, Weirdness & Mutations

You have a beak for a mouth.
You have claws for feet.
You can magically evade attacks while moving or waiting.


Message History

You resist with some effort.
The cerulean imp attacks as it pursues you!
The cerulean imp misses you. The cerulean imp misses you.
The cerulean imp attacks as it pursues you!
The cerulean imp misses you.
The cerulean imp hits you from afar with a +1 spear.
The cerulean imp disappears in a puff of smoke!
There is a stone staircase leading up here.
You start resting.
Natasha is nearby!
Casting: Shock (safe; 3% risk of failure)
Confirm with . or Enter, or press ? or * to list all spells.
Natasha is struck by an arc of lightning.
Natasha is moderately wounded.
You are struck by an arc of lightning.
The lightning grounds out.
Natasha claws you!
Unknown command.
Casting: Static Discharge (safe; 4% risk of failure)
Confirm with . or Enter, or press ? or * to list all spells.
Natasha is struck by an arc of lightning.
Natasha is severely wounded.
You are struck by an arc of lightning.
The lightning grounds out.
Natasha barely misses you.
Unknown command.
Casting: Static Discharge (safe; 4% risk of failure)
Confirm with . or Enter, or press ? or * to list all spells.
Natasha is struck by an arc of lightning.
Natasha is almost dead.
You are struck by an arc of lightning.
* * * LOW HITPOINT WARNING * * *
Natasha is struck by an arc of lightning.
Natasha is almost dead.
You are struck by an arc of lightning.
* * * LOW HITPOINT WARNING * * *
The lightning grounds out.
Natasha casts a spell at you. The magic dart hits you.
You die...
Natasha begins licking her fur clean.

#.......#
######.##
#.# #5#
#.#
#.######
#......#
######.#
#.h@#.#
#.###.#
#...ยง.#
#######


You could see Natasha.

Vanquished Creatures
  Jessica (D:2)
  3 gnolls
  2 adders (D:2)
  2 dart slugs
  A ribbon worm (D:2)
  9 bats
  5 endoplasms
  3 goblins (D:1)
  4 hobgoblins
  3 jackals (D:1)
  A quokka (D:1)
  2 ball pythons
  4 frilled lizards
  2 kobolds (D:1)
  6 rats
48 creatures vanquished.

Notes
Turn   | Place    | Note
-------+----------+-------------------------------------------
     0 | D:1      | Lobster4 the Tengu Air Elementalist began the quest for the
                  | Orb.
     0 | D:1      | Reached XP level 1. HP: 10/10 MP: 4/4
   248 | D:1      | Reached XP level 2. HP: 15/15 MP: 1/6
   370 | D:1      | Found Tiowupon's Vocational Training.
   478 | D:1      | Reached skill level 5 in Air Magic
   579 | D:1      | Found a faded altar of an unknown god.
   852 | D:1      | Reached XP level 3. HP: 19/19 MP: 0/7
   968 | D:1      | Learned a level 2 spell: Static Discharge
   995 | D:1      | Found Eta Heto's Weapon Boutique.
  1151 | D:1      | Learned a level 3 spell: Swiftness
  1410 | D:2      | Noticed Jessica
  1412 | D:2      | Killed Jessica
  1413 | D:2      | Reached skill level 6 in Air Magic
  1413 | D:2      | Reached XP level 4. HP: 24/24 MP: 5/8
  1800 | D:2      | Reached skill level 7 in Air Magic
  1913 | D:2      | Found a runed translucent door.
  1914 | D:2      | Noticed Crazy Yiuf
  2371 | D:2      | Reached XP level 5. HP: 28/28 MP: 3/9
  2633 | D:3      | Noticed Natasha
  2661 | D:3      | Killed from afar by Natasha

Illustrated notes

Levels and vault maps discovered:
D:1:      mushboom_english_gardens, layout_rooms,
          shapermc_ecumenical_altar_hornbeckon, serial_shops,
          nicolae_shop_tiny_real_fake_doors, serial_curves, eino_curves_02,
          eino_curves_04, eino_curves_01, serial_park_tiny_1,
          minmay_misc_feat_ornament, nicolae_shop_vocational
D:2:      layout_basic, uniq_crazy_yiuf_cottage, uniq_jessica
D:3:      layout_basic, serial_shops, shop, uniq_natasha

Skill      XL: |  1  2  3  4 |
---------------+-------------+-----
Air Magic      | 5 6 7 |  7.4
Dodging        | |  2.1
Stealth        | |  2.0
Spellcasting   | |  2.0
Conjurations   | |  1.3

Action                     |  1- 3 |  4- 6 || total
---------------------------+-------+-------++-------
  Melee: Dagger            |       |     3 ||     3
   Cast: Shock             |    70 |    39 ||   109
         Static Discharge  |     1 |     4 ||     5
 Armour: Robe              |     3 |    22 ||    25
  Dodge: Dodged            |    12 |    15 ||    27

Table legend: (Time is in decaauts)
 A = Elapsed time spent in this place.
 B = Non-inter-level travel time spent in this place.
 C = Inter-level travel time spent in this place.
 D = Time resting spent in this place.
 E = Time spent auto-exploring this place.
 F = Levels seen in this place.
 G = Mean time per level.
                   A        B        C        D        E       F      G
               +--------+--------+--------+--------+--------+-----+--------+
         Total |   2667 |   2581 |     86 |    321 |   1910 |   3 |  889.0 |
       Dungeon |   2667 |   2581 |     86 |    321 |   1910 |   3 |  889.0 |
               +--------+--------+--------+--------+--------+-----+--------+

Top non-repeatable levels by time:
     D:1: 1384 daAuts
     D:2: 1191 daAuts
     D:3: 91 daAuts
